[Event "Titled Tuesday Blitz May 24 Late 2022"]
[White "Yuan, Qingyu"]
[Black "Olafsson, Helgi"]
[WhiteFideId "8609772"]
[BlackFideId "2300010"]
[WhiteElo "2359"]
[BlackElo "2463"]
[Result "0-1"]
[Round "11"]
[TimeControl "180+1"]
[Date "2022.05.24"]
[WhiteClock "0:00:04"]
[BlackClock "0:00:17"]

1. e4 c5 2. Nf3 Nc6 3. Bc4 e6 4. O-O Be7 5. Re1 a6 6. d3 d5 7. exd5 exd5 8. Bb3 Nf6 9. h3 O-O 10. Nbd2 h6 11. c3 Be6 12. Nf1 Rc8 13. Ng3 Bd6 14. Be3 Qc7 15. Ne2 Rfe8 16. d4 c4 17. Bc2 b5 18. a3 a5 19. Qd2 Ne4 20. Qc1 Bf5 21. Bf4 b4 22. axb4 axb4 23. Ba4 bxc3 24. bxc3 Re7 25. Bxd6 Qxd6 26. Bxc6 Rxc6 27. Ra8+ Rc8 28. Ra5 g5 29. Ng3 Nxg3 30. fxg3 Rce8 31. Rxe7 Rxe7 32. g4 Be4 33. Nh2 Kg7 34. Nf1 Bd3 35. Ne3 Qg3 36. Nf1 Qe1 37. Ra1 Qxc1 38. Rxc1 Re2 39. Ng3 Ra2 40. Nh1 Kg6 41. Kh2 Be4 42. Rg1 Rc2 43. Ng3 Bd3 44. Re1 Rxc3 45. Re5 Rc1 46. Rxd5 c3 47. Rd6+ f6 48. Nh5 c2 49. Rxf6+ Kh7 50. Rf7+ Kg8 51. Rd7 Rf1 52. Rg7+ Kf8 53. Rd7 c1=Q 54. Rd8+ Ke7 55. Rd5 Rh1+ 56. Kg3 Qe1+ 57. Kf3 Be4# 0-1


[Site "https://www.chess.com"]

[Event "Titled Tuesday Blitz May 24 Late 2022"]
[White "Zhurbinsky, David"]
[Black "Yang, Kaiqi"]
[WhiteFideId "2072904"]
[BlackFideId "8604398"]
[WhiteElo "2571"]
[BlackElo "2373"]
[Result "0-1"]
[Round "11"]
[TimeControl "180+1"]
[Date "2022.05.24"]
[WhiteClock "0:00:04"]
[BlackClock "0:00:22"]

1. e4 e6 2. d4 d5 3. Nc3 Bb4 4. e5 c5 5. a3 Bxc3+ 6. bxc3 Qc7 7. Qd2 Ne7 8. f4 b6 9. Nf3 Ba6 10. Bxa6 Nxa6 11. O-O Rc8 12. Qd3 Nb8 13. Rf2 O-O 14. Ng5 g6 15. Qh3 h5 16. g4 Kg7 17. gxh5 Rh8 18. Rg2 Qd7 19. Bd2 Rcg8 20. Kh1 Rxh5 21. Qg4 Rgh8 22. Rag1 Kf8 23. dxc5 bxc5 24. Be3 Qc6 25. Bf2 Nd7 26. Rb1 Nf5 27. Nxf7 Kxf7 28. Qxg6+ Ke7 29. Bxc5+ Qxc5 30. Rb7 Kd8 31. Qf7 Rxh2+ 32. Rxh2 Rxh2+ 33. Kxh2 Qf2+ 34. Kh1 Ng3# 0-1